 Dungeon Crawl Stone Soup version 0.19.6-3-g7d5932f76a (webtiles) character file.

65 EnegeticOcto the Conjurer (level 3, 0/21 HPs)
             Began as a High Elf Conjurer on Feb 8, 2021.
             Slain by Morbidden's ghost (5 damage)
             ... on level 4 of the Dungeon.
             The game lasted 00:03:05 (388 turns).

EnegeticOcto the Conjurer (High Elf Conjurer)        Turns: 388, Time: 00:03:06

Health: 0/21       AC:  3    Str:  7    XL:     3   Next: 92%
Magic:  0/7        EV: 13    Int: 20    God:
Gold:   19         SH:  0    Dex: 15    Spells: 2 memorised, 3 levels left

rFire  + . .     SeeInvis .     i - +4 hand axe
rCold  + . .     Gourm    .     k - +0 robe {rC+ rF+}
rNeg   . . .     Faith    .     (no shield)
rPois  .         Spirit   .     (no helmet)
rElec  .         Reflect  .     (no cloak)
rCorr  .         Harm     .     e - +0 pair of gloves
MR     .....                    (no boots)
Stlth  ++........               (no amulet)
                                (no ring)
                                (no ring)

@: no status effects
A: no striking features
a: no special abilities


You were on level 4 of the Dungeon.
You were not hungry.

You visited 1 branch of the dungeon, and saw 4 of its levels.

You collected 19 gold pieces.

Inventory:

Hand Weapons
 d - a +0 dagger
   (You took it off a kobold on level 1 of the Dungeon)
 i - a +4 hand axe (weapon)
   (You took it off an orc on level 3 of the Dungeon)
Armour
 a - a +0 robe
 e - a +0 pair of gloves (worn)
   (You found it on level 1 of the Dungeon)
 k - a +0 robe of resistance (worn)
   (You found it on level 4 of the Dungeon)
Magical Staves
 n - an uncursed staff of fire
   (You found it on level 4 of the Dungeon)
Scrolls
 f - a scroll of blinking {unknown}
 h - a scroll of fog {unknown}
 j - a scroll of remove curse {unknown}
 l - a scroll of random uselessness {unknown}
Potions
 g - a potion of degeneration {unknown}
Books
 b - a book of Conjurations

   Spells                             Type                      Level
   a - Magic Dart                     Conjuration                  1
   b - Searing Ray                    Conjuration                  2
   c - Dazzling Spray                 Conjuration/Hexes            3
   d - Fulminant Prism                Conjuration/Hexes            4
   e - Iskenderun's Mystic Blast      Conjuration                  4
   f - Iskenderun's Battlesphere      Conjuration/Charms           5
Comestibles
 c - a bread ration
 m - a meat ration


   Skills:
 - Level 2.1 Dodging
 - Level 2.1 Stealth
 - Level 2.4 Spellcasting
 + Level 6.1 Conjurations


You had 3 spell levels left.
You knew the following spells:

 Your Spells              Type           Power        Failure   Level  Hunger
a - Magic Dart            Conj           ####         1%          1    #......
b - Searing Ray           Conj           ####..       1%          2    ##.....


Dungeon Overview and Level Annotations

Branches:
Dungeon (4/15)
 Temple: D:4-7

Altars:

Annotations:
D:3 Purgy
D:4 Morbidden's ghost, amateur DsFE


Message History

You kill the adder!
Your Conjurations skill increases to level 6!
Found an embroidered robe.
You see here an embroidered robe.
k - an embroidered robe Wear which item? (? for menu, Esc to quit)
You start removing your armour.
You continue taking off your +0 robe. x4
You finish taking off your +0 robe.
You start putting on your armour.
You continue putting on your embroidered robe. x5
You finish putting on your +0 robe of resistance.
You feel resistant to extremes of temperature.
Found 17 stones.
You open the door.
There is an open door here.
You open the door.
Found a scroll labeled UWUQOSKIASI.
l - a scroll labeled UWUQOSKIASI You open the door.
There is an open door here.
You open the door.
There is an open door here.
You open the door.
Found a meat ration.
Morbidden's ghost (amateur Demonspawn Fire Elementalist) comes into view.
There is an open door here.
Press: ? - help, v - describe, . - travel
Here: Morbidden's ghost (hasn't noticed you)
The floor.
There is an open door here.
There is an open door here.
Which direction?
You close the door.
You close the door.
You open the door.
There is an open door here.
You open the door.
There is an open door here.
m - a meat ration
Found 24 arrows.
Found a knobbly glowing staff.
You see here a knobbly glowing staff.
n - a knobbly glowing staff Wield which item (- for none, * to show all)? (? for menu, Esc to quit)
n - an uncursed staff of fire (weapon)
Wield which item (- for none, * to show all)? (? for menu, Esc to quit)
Okay, then.
Casting: Magic Dart
Confirm with . or Enter, or press ? or * to list all spells.
Aiming: Searing Ray
Press: ? - help, Shift-Dir - straight line, f - Morbidden's ghost
Aim: Morbidden's ghost (hasn't noticed you)
Okay, then.
Casting: Searing Ray
Confirm with . or Enter, or press ? or * to list all spells.
Aiming: Magic Dart
Press: ? - help, Shift-Dir - straight line, f - Morbidden's ghost
Aim: Morbidden's ghost (hasn't noticed you)
The magic dart hits Morbidden's ghost.
Morbidden's ghost is lightly damaged.
Morbidden's ghost turns its malevolent gaze towards you.
Casting: Magic Dart
Confirm with . or Enter, or press ? or * to list all spells.
Aiming: Magic Dart
Press: ? - help, Shift-Dir - straight line, f/p - Morbidden's ghost
Aim: Morbidden's ghost (lightly damaged)
The magic dart hits Morbidden's ghost.
Morbidden's ghost is moderately damaged.
Morbidden's ghost gestures at you while chanting.
The flame tongue misses you.
Casting: Magic Dart
Confirm with . or Enter, or press ? or * to list all spells.
Aiming: Magic Dart
Press: ? - help, Shift-Dir - straight line, f/p - Morbidden's ghost
Aim: Morbidden's ghost (moderately damaged)
The magic dart hits Morbidden's ghost.
Morbidden's ghost is moderately damaged.
Casting: Magic Dart
Confirm with . or Enter, or press ? or * to list all spells.
Aiming: Searing Ray
Press: ? - help, Shift-Dir - straight line, f/p - Morbidden's ghost
Aim: Morbidden's ghost (moderately damaged)
The searing ray hits Morbidden's ghost.
Morbidden's ghost is heavily damaged. (Press . to maintain the ray.) Morbidden's ghost misses you.
The searing ray hits Morbidden's ghost.
Morbidden's ghost is severely damaged.
Morbidden's ghost hits you.
The searing ray hits Morbidden's ghost.
Morbidden's ghost is almost destroyed.
Morbidden's ghost casts a spell at you. The puff of flame hits you! You resist.
* * * LOW HITPOINT WARNING * * *
Wield which item (- for none, * to show all)? (? for menu, Esc to quit)
i - a +4 hand axe (weapon)
You hit Morbidden's ghost.
Morbidden's ghost is almost destroyed.
Morbidden's ghost hits you.
You die...

####### ####
#.....# #...
#.....# #...
#.....# #...
#.....# #...
#....# #...
#..W@# #...
#....# #...
#....# #..†
#....#######
###...
#........(.#
#...##
#..........#
##....
.....###......#
#.... ...#.
#......# #....
....#. #......#
#####


You could see Morbidden's ghost.

Vanquished Creatures
  A howler monkey (D:4)
  An adder (D:4)
  An orc (D:3)
  A ball python (D:4)
  A bat (D:3)
  2 hobgoblins (D:1)
  4 jackals (D:3)
  4 kobolds
  A rat (D:1)
16 creatures vanquished.

Notes
Turn   | Place    | Note
-------+----------+-------------------------------------------
     0 | D:1      | EnegeticOcto the High Elf Conjurer began the quest for the Orb.
     0 | D:1      | Reached XP level 1. HP: 11/11 MP: 4/4
   120 | D:3      | Noticed an orc wizard
   122 | D:3      | Noticed an orc wizard
   140 | D:3      | Reached XP level 2. HP: 14/17 MP: 6/6
   147 | D:3      | Reached skill level 5 in Conjurations
   148 | D:3      | Noticed Purgy
   186 | D:4      | Noticed a howler monkey
   202 | D:4      | Learned a level 2 spell: Searing Ray
   217 | D:4      | Killed a howler monkey
   217 | D:4      | Reached XP level 3. HP: 4/21 MP: 0/7
   272 | D:4      | Reached skill level 6 in Conjurations
   338 | D:4      | Noticed Morbidden's ghost (amateur DsFE)
   388 | D:4      | Slain by Morbidden's ghost

Skill      XL: |  1  2  3 |
---------------+----------+-----
Conjurations   | 5 6 |  6.1
Dodging        | |  2.1
Stealth        | |  2.1
Spellcasting   | |  2.4

Action                   || total
-------------------------++-------
Melee: Dagger            ||     4
       Hand axe          ||    18
       Unarmed           ||     1
 Cast: Magic Dart        ||    20
       Searing Ray       ||     1
 Stab: Sleeping          ||     3
Armor: Robe              ||    14
Dodge: Dodged            ||    33
